 Dungeon Crawl Stone Soup version 0.30.0-17-ge0270778cf (webtiles) character file.

Game seed: 6011306287939645662

735 Esekla the Magician (level 8, -2/62 HPs)
             Began as a Meteoran Hedge Wizard on May 21, 2023.
             Was a Follower of Sif Muna.
             Slain by an unseen horror (5 damage)
             ... on level 5 of the Dungeon.
             The game lasted 00:15:38 (1176 turns).

Esekla the Magician (Meteoran Hedge Wizard)         Turns: 1176, Time: 00:15:39

Health: -2/62      AC:  5    Str: 12    XL:     8   Next: 24%
Magic:  14/18      EV: 13    Int: 18    God:    Sif Muna [*.....]
Gold:   114        SH:  0    Dex: 13    Spells: 13/19 levels left

rFire   . . .        a - +3 dagger (venom)
rCold   . . .        (no shield)
rNeg    . . .        b - +0 robe
rPois   .            j - +1 helmet
rElec   .            i - +0 cloak
rCorr   .            (no gloves)
SInv    .            (no boots)
Will    +....        (no amulet)
Stlth   +            (no ring)
HPRegen 0.30/turn    (no ring)
MPRegen 0.16/turn

%: no passive effects
@: glowing
A: sense surroundings 1, otherworldly, glowing, explore regen
a: Renounce Religion, Channel Magic


You were on level 5 of the Dungeon.
You worshipped Sif Muna.
Sif Muna was aware of your devotion.
You visited 1 branch of the dungeon, and saw 5 of its levels.

You collected 114 gold pieces.

Inventory:

Hand Weapons
 a - a +3 dagger of venom (weapon)
Armour
 b - a +0 robe (worn)
 i - a +0 cloak (worn)
 j - a +1 helmet (worn)
Scrolls
 c - a scroll of enchant armour {unknown}
 e - a scroll of immolation {unknown}
 f - a scroll of teleportation {unknown}
 g - a scroll of identify {unknown}
 h - a scroll of noise {unknown}
Potions
 d - a potion of magic


   Skills:
 * Level 2.6 Fighting
 + Level 3.1(3.6) Short Blades
 * Level 2.8(3.6) Long Blades
 + Level 3.2 Dodging
 + Level 1.7 Stealth
 * Level 6.3 Spellcasting
 * Level 2.4 Conjurations
 + Level 1.2 Summonings
 + Level 1.4 Translocations
 * Level 2.5 Air Magic
 + Level 2.8 Poison Magic
 * Level 2.5 Invocations


You had 13 spell levels left.
You knew the following spells:

 Your Spells              Type           Power      Damage    Failure   Level
a - Magic Dart            Conj           56%        1d5       4%          1
b - Blink                 Tloc           20%        N/A       10%         2
c - Mephitic Cloud        Conj/Pois/Air  15%        N/A       12%         3

Your spell library contained the following spells:

 Spells                   Type           Power      Damage    Failure   Level
 Cigotuvi's Dreadful Rot  Necr/Pois/Air  24%        N/A       9%          2
 Call Imp                 Summ           20%        N/A       11%         2
 Slow                     Hex            20%        N/A       12%         1


Dungeon Overview and Level Annotations

Branches:
Dungeon (5/15) Zot: 1832
 Temple: D:4-7

Altars:
Cheibriados
Dithmenos
Elyvilon
Gozag
Hepliaklqana
Nemelex Xobeh
Sif Muna
Trog
Wu Jian

Annotations:
D:4 Duvessa, Natasha


Innate Abilities, Weirdness & Mutations

You passively map a small area around you.
You are easily found by Zot.
You glow in the dark.
You regain HP and MP as you explore.


Message History

The iguana misses you. Something hits you.
Deactivating autopickup; reactivate with Ctrl-A.
The iguana attacks as you move away! The iguana bites you! Something hits you.
There is a large open door here.
You hit the iguana.
The iguana is poisoned.
The iguana is moderately wounded.
The iguana barely misses you.
You barely miss the iguana.
The iguana is moderately wounded.
The iguana bites you!
You hit the iguana but do no damage.
The iguana is heavily wounded.
The iguana misses you.
You closely miss the iguana.
The iguana is heavily wounded.
The iguana bites you!
You kill the iguana!
Sif Muna accepts your kill. Something hits you.
Something hits you but does no damage. Something hits you! Something hits you.
* * * LOW HITPOINT WARNING * * *
Something hits you.
* * * LOW HITPOINT WARNING * * *
Something hits you!
* * * LOW HITPOINT WARNING * * *
Casting: Magic Dart (safe; 4% risk of failure)
Confirm with . or Enter, or press ? or * to list all spells.
You blink.
Something hits you.
* * * LOW HITPOINT WARNING * * *
Casting: Blink (safe; 10% risk of failure)
Confirm with . or Enter, or press ? or * to list all spells.
Aiming: Mephitic Cloud (dangerous; 12% risk of failure)
Press: ? - help, Shift-Dir - straight line The ball explodes into a vile cloud!
The stinking cloud engulfs something but does no damage.
You feel stable enough to blink again. Something hits you.
You die...

####.......# *
##............
*.............. , ####
#............. ###...#
##............. ,
#......###..............
........#..#............
**
:.........##............
*
.......@..###........(..
.........## #...........
..........# ##........##
,, ........°☼##
##....####
.........°O###...###
.........°.......# ####
*
.................####...
......##########........
* ....# ,.....##.......


You could see a two-headed ogre.

Vanquished Creatures
  Grinder (D:5)
  Sigmund (D:2)
  An ogre (D:4)
  A scorpion (D:4)
  Dowan (D:4)
  An iguana (D:5)
  Crazy Yiuf (D:3)
  Terence (D:2)
  6 adders
  An ufetubus (D:4)
  A dart slug (D:2)
  2 orcs (D:3)
  2 endoplasms
  3 giant cockroaches
  8 goblins
  6 hobgoblins
  5 jackals
  3 quokkas
  6 ball pythons
  6 bats
  A frilled lizard (D:1)
  A kobold (D:3)
  3 rats (D:3)
62 creatures vanquished.

Notes
Turn   | Place    | Note
-------+----------+-------------------------------------------
     0 | D:1      | Esekla the Meteoran Hedge Wizard began the quest for the
                  | Orb.
     0 | D:1      | Reached XP level 1. HP: 14/14 MP: 6/6
    83 | D:2      | Reached XP level 2. HP: 22/22 MP: 4/8
   129 | D:1      | Learned a level 2 spell: Blink
   170 | D:2      | Noticed Sigmund
   177 | D:1      | Reached XP level 3. HP: 25/27 MP: 10/10
   181 | D:1      | Learned a level 3 spell: Mephitic Cloud
   182 | D:2      | Noticed Terence
   190 | D:1      | HP: 1/27 [frozen (3)]
   295 | D:4      | Reached skill level 1 in Long Blades
   298 | D:4      | Noticed a scorpion
   302 | D:4      | Reached skill level 5 in Spellcasting
   302 | D:4      | Reached XP level 4. HP: 30/34 MP: 12/12
   305 | D:4      | Killed a scorpion
   306 | D:4      | Reached skill level 1 in Fighting
   306 | D:4      | Reached skill level 1 in Poison Magic
   306 | D:4      | Reached XP level 5. HP: 36/40 MP: 9/13
   393 | D:3      | Found a shimmering blue altar of Sif Muna.
   396 | D:3      | Found an opulent altar of Gozag.
   401 | D:3      | Reached skill level 1 in Air Magic
   403 | D:3      | Found an ornate altar of the Wu Jian Council.
   407 | D:3      | Found a white marble altar of Elyvilon.
   407 | D:3      | Found a snail-covered altar of Cheibriados.
   408 | D:3      | Found a hazy altar of Hepliaklqana.
   410 | D:3      | Found a sparkling altar of Nemelex Xobeh.
   411 | D:3      | Found a shadowy altar of Dithmenos.
   419 | D:3      | Became a worshipper of Sif Muna the Loreminder
   481 | D:3      | Found a bloodstained altar of Trog.
   634 | D:2      | Killed Terence
   635 | D:2      | Reached XP level 6. HP: 36/47 MP: 6/15
   748 | D:2      | Killed Sigmund
   749 | D:2      | Reached skill level 1 in Short Blades
   749 | D:2      | Reached skill level 1 in Invocations
   749 | D:2      | Reached XP level 7. HP: 39/53 MP: 7/16
   919 | D:3      | Found a runed translucent door.
   920 | D:3      | Noticed Crazy Yiuf
   936 | D:3      | Killed Crazy Yiuf
   988 | D:4      | Reached skill level 6 in Spellcasting
  1064 | D:4      | Noticed Dowan
  1065 | D:4      | Noticed Natasha
  1075 | D:4      | Noticed Grinder
  1078 | D:4      | Noticed Duvessa
  1083 | D:4      | Reached * piety under Sif Muna
  1090 | D:4      | Paralysed by Grinder for 4 turns
  1093 | D:4      | Killed Dowan
  1096 | D:5      | Entered Level 5 of the Dungeon
  1112 | D:5      | Paralysed by Grinder for 3 turns
  1121 | D:5      | Paralysed by Grinder for 2 turns
  1132 | D:5      | Killed Grinder
  1133 | D:5      | Reached XP level 8. HP: 12/62 MP: 13/18
  1150 | D:5      | Noticed a two-headed ogre
  1173 | D:5      | HP: 2/62 [something (6)]
  1176 | D:5      | Slain by an unseen horror

Illustrated notes

Levels and vault maps discovered:
D:1:      psy_arrival_whirlpool, layout_rooms, chequers_ecumenical_altar_simple,
          st_stairs_9
D:2:      layout_rooms, grunt_decor_clamped, uniq_terence, uniq_sigmund
D:3:      layout_loops_ring, trog_butcher_becter, makhleb_altar_promises_db,
          minitemple, uniq_crazy_yiuf_cottage
D:4:      layout_basic, uniq_duvessa, uniq_natasha, uniq_grinder
D:5:      kennysheep_big_flooded_room, layout_cave_pods

Skill      XL: |  1  2  3  4  5  6  7 |
---------------+----------------------+-----
Long Blades    | 1 2 |  2.8
Spellcasting   | 5 6 |  6.3
Fighting       | 1 2 |  2.6
Poison Magic   | 1 2 |  2.8
Air Magic      | 1 2 |  2.5
Short Blades   | 1 3 |  3.1
Dodging        | 3 |  3.2
Invocations    | 1 2 |  2.5
Conjurations   | 2 |  2.4
Stealth        | |  1.7
Summonings     | |  1.2
Translocations | |  1.4

Action                     |  1- 3 |  4- 6 |  7- 9 || total
---------------------------+-------+-------+-------++-------
  Melee: Dagger            |    51 |    47 |    64 ||   162
         Punch             |     3 |       |     1 ||     4
   Cast: Magic Dart        |    23 |    10 |    16 ||    49
         Mephitic Cloud    |     1 |     3 |     7 ||    11
         Blink             |     1 |       |     2 ||     3
   Stab: Confused          |       |     3 |     1 ||     4
 Armour: Robe              |    20 |    11 |    22 ||    53
  Dodge: Dodged            |    35 |    13 |    23 ||    71
